Demolitions vs Wolfes
(R1)
Created - November 16, 2020 at 19:07
Goals
|
| Demolitions |
1 |
0 |
0 |
1 |
| Wolfes |
3 |
0 |
1 |
4 |
|
Shots
|
| Demolitions |
9 |
3 |
10 |
22 |
| Wolfes |
22 |
7 |
5 |
34 |
|
1st period
1. Wolfes , Kyle Rau 7 (Martin Hanzal 8) at 1:32
2. Demolitions , Dennis Everberg 12 (Daultan Leveillé 6) at 14:38 (PP)
3. Wolfes , Martin Hanzal 5 (Damon Severson 8, Laurent Brossoit) at 16:18
4. Wolfes , Kyle Rau 8 (Max Friberg 6, Damon Severson 9) at 17:15
Penalties :
Jeffrey Foss (RIM) for Hooking (Minor) at 14:33, Matthew Highmore (RIM) for Tripping (Minor) at 19:55
2nd period
No Goal
Penalties :
Jeffrey Foss (RIM) for Hooking (Minor) at 8:10, Aaron Haydon (Vic) for Unsportsmanlike conduct (Minor) at 11:09, Michael Ferland (Vic) for High sticking (Minor) at 17:13
3rd period
5. Wolfes , Max Friberg 8 (Jamie Oleksiak 8) at 17:15
Penalties :
Michael Stone (RIM) for Interference (Minor) at 1:19, Mitch Callahan (Vic) for Roughing (Minor) at 3:34, Anton Lindholm (RIM) for Interference (Minor) at 8:14
Goalie Stats
Thatcher Demko (Vic), 30 saves from 34 shots - (0.882), L, 7-3-1, 60:00 minutes
Laurent Brossoit (RIM), 21 saves from 22 shots - (0.955), W, 7-3-0, 60:00 minutes
Players Stats for Demolitions
Player Name G A P +/- PIM S H SB GA TA FO MP PP MP PK MP
------------------------------------------------------------------------------------
Aaron Haydon 0 0 0 -2 2 0 1 1 0 0 0/0 11:45 0:00 0:04
Alex Hutchings 0 0 0 0 0 0 0 0 0 0 0/0 3:42 0:01 1:20
Andrej Nestrasil 0 0 0 0 0 2 2 0 0 0 4/8 12:13 0:00 0:00
Brandon Saad 0 0 0 -2 0 1 4 0 1 1 0/0 16:50 3:33 1:27
Christoph Bertschy 0 0 0 0 0 1 1 0 0 0 0/2 11:36 0:00 0:00
Daultan Leveillé 0 1 1 -2 0 3 0 2 1 0 11/23 19:33 4:27 1:27
Dennis Everberg 1 0 1 -2 0 3 3 0 1 1 3/4 21:26 4:27 3:09
J.T. Brown 0 0 0 -2 0 3 2 0 0 0 0/1 14:32 3:33 0:00
Jaedon Descheneau 0 0 0 0 0 0 0 0 0 0 0/0 0:00 0:00 0:00
Jared Staal 0 0 0 0 0 1 2 0 0 0 0/0 7:53 0:00 0:00
Joel Vermin 0 0 0 0 0 1 2 1 0 1 1/1 12:30 0:01 0:00
Joshua Leivo 0 0 0 0 0 2 2 0 0 1 0/0 12:13 0:00 0:00
Juuso Riikola 0 0 0 -3 0 1 1 2 0 1 0/0 27:29 4:41 2:08
Michael Ferland 0 0 0 0 2 0 2 0 0 0 0/0 8:13 0:00 0:00
Michael Prapavessis 0 0 0 -1 0 0 0 0 0 0 0/0 22:40 3:20 3:45
Mitch Callahan 0 0 0 0 2 0 0 0 0 0 0/1 1:23 0:01 0:00
Phil McRae 0 0 0 -2 0 0 2 0 0 0 6/11 14:32 3:33 0:00
Taylor Aronson 0 0 0 -1 0 0 2 1 1 2 0/0 27:05 4:41 2:12
Taylor Beck 0 0 0 -2 0 4 1 1 1 0 0/0 21:11 4:27 3:10
Taylor Leier 0 0 0 0 0 0 0 0 0 0 0/0 0:00 0:00 0:00
Thomas DiPauli 0 0 0 0 0 0 0 0 0 0 0/0 0:00 0:00 0:00
Tommy Vannelli 0 0 0 -1 0 0 4 1 0 0 0/0 25:12 3:20 3:45
Tyler Graovac 0 0 0 0 0 0 0 0 0 0 0/0 2:02 0:00 1:21
Players Stats for Wolfes
Player Name G A P +/- PIM S H SB GA TA FO MP PP MP PK MP
------------------------------------------------------------------------------------
Alexandre Grenier 0 0 0 0 0 3 0 0 0 1 1/2 14:15 2:45 0:00
Anton Karlsson 0 0 0 4 0 0 2 0 0 0 2/2 11:37 0:00 0:00
Anton Lindholm 0 0 0 0 2 0 1 1 0 1 0/0 18:13 0:00 3:12
Benn Ferriero 0 0 0 0 0 2 0 0 1 0 0/0 14:43 0:09 3:45
Blake Pietila 0 0 0 0 0 3 2 0 0 1 0/0 15:30 3:03 0:48
Damon Severson 0 2 2 4 0 1 1 1 0 0 0/0 22:21 2:20 4:03
Eric Robinson 0 0 0 0 0 0 1 0 0 0 1/1 10:42 0:09 0:00
Jamie Oleksiak 0 1 1 4 0 3 3 1 0 1 0/0 22:52 3:37 2:56
Jeffrey Foss 0 0 0 0 4 2 1 1 1 1 0/0 17:46 0:00 2:17
Joe Morrow 0 0 0 0 0 2 2 1 0 0 0/0 18:42 3:37 0:15
Kyle Rau 2 0 2 4 0 5 1 0 1 0 4/6 14:32 0:00 2:07
Lawson Crouse 0 0 0 0 0 2 3 0 0 0 0/0 18:07 2:42 3:28
Martin Hanzal 1 1 2 0 0 5 3 0 0 0 4/12 15:47 2:45 1:44
Matthew Highmore 0 0 0 0 2 0 2 1 0 0 2/4 10:33 0:00 0:00
Max Friberg 1 1 2 4 0 2 2 0 1 0 0/0 12:24 0:21 0:00
Michael Stone 0 0 0 0 2 0 3 0 2 0 0/0 20:39 2:20 3:19
Sebastian Aho 0 0 0 0 0 2 2 1 1 0 12/23 18:50 2:54 4:10
Thomas Spelling 0 0 0 0 0 2 3 1 0 0 0/1 14:21 3:03 0:00
Victor Olofsson 0 0 0 0 0 0 0 0 0 0 0/0 0:00 0:00 0:00
3 Stars
1 - Kyle Rau (RIM)
2 - Max Friberg (RIM)
3 - Damon Severson (RIM)
Power Play
Demolitions - 1 on 5 Attempt(s) - 20.00%
Wolfes - 0 on 3 Attempt(s) - 0.00%
Penalty Kill
Demolitions - 3 on 3 Attempt(s) - 100.00%
- Score 0 goal in Penalty Kill
Wolfes - 4 on 5 Attempt(s) - 80.00%
- Score 0 goal in Penalty Kill
Team Stat
Demolitions - Hits : 31 - Faceoff Wins : 25 - Blocked Shots : 9 - Penalty Minutes : 6
Wolfes - Hits : 32 - Faceoff Wins : 26 - Blocked Shots : 8 - Penalty Minutes : 10
Official
Referees : Unknown
Linesman : Unknown
Game Notes
No Game Note
Finance
Level 1 -- Attendance: 1304 (65.20%) -- Ticket Income $52,160
Level 2 -- Attendance: 623 (62.30%) -- Ticket Income $12,460
Total Attendance: 1927 (64.23%)
Total Ticket Income: $64,620
Other Income: $3,231
Total Income: $67,851
Demolitions
5 vs 5 Forward
Center Left Wing Right Wing Time % Phy DF OF
1 Daultan Leveillé Taylor Beck Dennis Everberg 40 1 2 2
2 Phil McRae Brandon Saad J.T. Brown 30 1 2 2
3 Andrej Nestrasil Joshua Leivo Joel Vermin 20 1 2 2
4 Christoph Bertschy Michael Ferland Jared Staal 10 1 2 2
5 vs 5 Defense
Defense Defense Time % Phy DF OF
1 Juuso Riikola Taylor Aronson 40 1 2 2
2 Tommy Vannelli Michael Prapavessis 30 1 2 2
3 Aaron Haydon Juuso Riikola 20 1 2 2
4 Taylor Aronson Tommy Vannelli 10 1 2 2
PowerPlay Forward
Center Left Wing Right Wing Time % Phy DF OF
1 Daultan Leveillé Taylor Beck Dennis Everberg 60 1 2 2
2 Phil McRae Brandon Saad J.T. Brown 40 1 2 2
PowerPlay Defense
Defense Defense Time % Phy DF OF
1 Juuso Riikola Taylor Aronson 60 1 2 2
2 Tommy Vannelli Michael Prapavessis 40 1 2 2
Penalty Kill 4 Players Forward
Center Wing Time % Phy DF OF
1 Dennis Everberg Taylor Beck 60 1 2 2
2 Daultan Leveillé Brandon Saad 40 1 2 2
Penalty Kill 4 Players Defense
Defense Defense Time % Phy DF OF
1 Juuso Riikola Taylor Aronson 60 1 2 2
2 Tommy Vannelli Michael Prapavessis 40 1 2 2
Penalty Kill - 3 Players Forward
Forward Time % Phy DF OF
1 Dennis Everberg 60 1 2 2
2 Taylor Beck 40 1 2 2
Penalty Kill - 3 Players Defense
Defense Defense Time % Phy DF OF
1 Juuso Riikola Taylor Aronson 60 1 2 2
2 Tommy Vannelli Michael Prapavessis 40 1 2 2
4 vs 4 Forward
Center Wing Time % Phy DF OF
1 Dennis Everberg Taylor Beck 60 1 2 2
2 Daultan Leveillé Brandon Saad 40 1 2 2
4 vs 4 Defense
Defense Defense Time % Phy DF OF
1 Juuso Riikola Taylor Aronson 60 1 2 2
2 Tommy Vannelli Michael Prapavessis 40 1 2 2
Last Minutes Offensive
Center Left Wing Right Wing Defense Defense
Daultan Leveillé Taylor Beck Dennis Everberg Juuso Riikola Taylor Aronson
Last Minutes Defensive
Center Left Wing Right Wing Defense Defense
Daultan Leveillé Taylor Beck Dennis Everberg Juuso Riikola Taylor Aronson
Goaltenders
Starting : Thatcher Demko
Backup : Brandon Halverson
Extra Forwards
Normal : Mitch Callahan, Alex Hutchings, Tyler Graovac - PP : Mitch Callahan, Alex Hutchings - PK : Tyler Graovac
Extra Defensemen
Normal : Aaron Haydon, Michael Prapavessis, Juuso Riikola - PP : Aaron Haydon - PK : Michael Prapavessis, Juuso Riikola
Penalty Shots
Dennis Everberg, Taylor Beck, Daultan Leveillé, Brandon Saad, J.T. Brown
Scratches
Colton Gillies (Torn Right ACL Injury), Nikita Tryamkin (Torn Right Knee Ligaments Injury), Jake Paterson (Healthy)
Wolfes
5 vs 5 Forward
Center Left Wing Right Wing Time % Phy DF OF
1 Martin Hanzal Blake Pietila Thomas Spelling 31 1 2 2
2 Sebastian Aho Lawson Crouse Alexandre Grenier 30 1 2 2
3 Kyle Rau Anton Karlsson Max Friberg 23 1 2 2
4 Matthew Highmore Eric Robinson Benn Ferriero 16 1 2 2
5 vs 5 Defense
Defense Defense Time % Phy DF OF
1 Jamie Oleksiak Damon Severson 35 1 2 2
2 Jeffrey Foss Michael Stone 35 1 2 2
3 Anton Lindholm Joe Morrow 30 1 2 2
4 Jamie Oleksiak Michael Stone 0 1 2 2
PowerPlay Forward
Center Left Wing Right Wing Time % Phy DF OF
1 Sebastian Aho Blake Pietila Thomas Spelling 60 1 2 2
2 Martin Hanzal Lawson Crouse Alexandre Grenier 40 1 2 2
PowerPlay Defense
Defense Defense Time % Phy DF OF
1 Jamie Oleksiak Joe Morrow 60 1 2 2
2 Damon Severson Michael Stone 40 1 2 2
Penalty Kill 4 Players Forward
Center Wing Time % Phy DF OF
1 Sebastian Aho Benn Ferriero 60 1 2 2
2 Martin Hanzal Lawson Crouse 40 1 2 2
Penalty Kill 4 Players Defense
Defense Defense Time % Phy DF OF
1 Michael Stone Anton Lindholm 60 1 2 2
2 Jeffrey Foss Damon Severson 40 1 2 2
Penalty Kill - 3 Players Forward
Forward Time % Phy DF OF
1 Martin Hanzal 60 1 2 2
2 Alexandre Grenier 40 1 2 2
Penalty Kill - 3 Players Defense
Defense Defense Time % Phy DF OF
1 Jamie Oleksiak Anton Lindholm 60 1 2 2
2 Michael Stone Damon Severson 40 1 2 2
4 vs 4 Forward
Center Wing Time % Phy DF OF
1 Alexandre Grenier Sebastian Aho 60 1 2 2
2 Blake Pietila Benn Ferriero 40 1 2 2
4 vs 4 Defense
Defense Defense Time % Phy DF OF
1 Jamie Oleksiak Michael Stone 60 1 2 2
2 Damon Severson Joe Morrow 40 1 2 2
Last Minutes Offensive
Center Left Wing Right Wing Defense Defense
Sebastian Aho Lawson Crouse Alexandre Grenier Jamie Oleksiak Michael Stone
Last Minutes Defensive
Center Left Wing Right Wing Defense Defense
Martin Hanzal Blake Pietila Max Friberg Anton Lindholm Damon Severson
Goaltenders
Starting : Laurent Brossoit
Backup : Ebbe Siönäs
Extra Forwards
Normal : Matthew Highmore, Eric Robinson, Max Friberg - PP : Sebastian Aho, Max Friberg - PK : Benn Ferriero
Extra Defensemen
Normal : Damon Severson, Michael Stone, Joe Morrow - PP : Anton Lindholm - PK : Jamie Oleksiak, Jeffrey Foss
Penalty Shots
Sebastian Aho, Lawson Crouse, Benn Ferriero, Max Friberg, Kyle Rau
Scratches
Jakub Zboril (Healthy), Kevin Stenlund (Healthy), Zachary Senyshyn (Healthy), Louis Belpedio (Healthy), Cameron Darcy (Healthy)
Fredrik Olofsson (Healthy), Nolan Vesey (Healthy), Vaclav Karabacek (Healthy), Kyle Pettit (Healthy), Dylan Sadowy (Healthy)
% Time on Ice - Demolitions
Lines # - Real PCT - Wanted PCT - Time Play
Normal Forward
1 - 29% - 40% - 13:25
2 - 27% - 30% - 12:31
3 - 27% - 20% - 12:13
4 - 17% - 10% - 7:53
Normal Defense
1 - 39% - 40% - 17:53
2 - 34% - 30% - 15:39
3 - 20% - 20% - 9:07
4 - 7% - 10% - 3:23
PP Forward
1 - 56% - 60% - 4:28
2 - 44% - 40% - 3:33
PP Defense
1 - 58% - 60% - 4:41
2 - 42% - 40% - 3:20
PK Forward
1 - 76% - 60% - 4:30
2 - 24% - 40% - 1:27
PK Defense
1 - 37% - 60% - 2:12
2 - 63% - 40% - 3:45
PK3 Forward
1 - 0% - 60%
2 - 0% - 40%
PK3 Defense
1 - 0% - 60%
2 - 0% - 40%
44 Forward
1 - 0% - 60%
2 - 0% - 40%
44 Defense
1 - 0% - 60%
2 - 0% - 40%
Last Minute Offensive - 0:00
Last Minute Defensive - 0:00
Total
Forward - 60:00
Defense - 60:00
|
% Time on Ice - Wolfes
Lines # - Real PCT - Wanted PCT - Time Play
Normal Forward
1 - 28% - 31% - 13:02
2 - 25% - 30% - 11:30
3 - 25% - 23% - 11:37
4 - 21% - 16% - 9:53
Normal Defense
1 - 33% - 35% - 15:14
2 - 34% - 35% - 15:36
3 - 32% - 30% - 14:41
4 - 1% - 0% - 0:31
PP Forward
1 - 54% - 60% - 3:12
2 - 46% - 40% - 2:45
PP Defense
1 - 61% - 60% - 3:37
2 - 39% - 40% - 2:20
PK Forward
1 - 78% - 60% - 6:17
2 - 22% - 40% - 1:44
PK Defense
1 - 61% - 60% - 4:55
2 - 39% - 40% - 3:06
PK3 Forward
1 - 0% - 60%
2 - 0% - 40%
PK3 Defense
1 - 0% - 60%
2 - 0% - 40%
44 Forward
1 - 0% - 60%
2 - 0% - 40%
44 Defense
1 - 0% - 60%
2 - 0% - 40%
Last Minute Offensive - 0:00
Last Minute Defensive - 0:00
Total
Forward - 60:00
Defense - 60:00
|
Play-by-Play
1st period
0:01 of 1st period - Daultan Leveillé wins face-off versus Martin Hanzal in neutral zone.
0:10 of 1st period - Snap shot by Dennis Everberg.
0:10 of 1st period - Deflect By Daultan Leveillé.
0:10 of 1st period - Stopped by Laurent Brossoit with a rebound.
0:12 of 1st period - Snap shot by Daultan Leveillé.
0:12 of 1st period - Stopped by Laurent Brossoit without a rebound.
0:13 of 1st period - Sebastian Aho wins face-off versus J.T. Brown in Wolfes zone.
0:22 of 1st period - Snap shot by Alexandre Grenier.
0:22 of 1st period - Shot Blocked by Tommy Vannelli.
0:24 of 1st period - Slapshot by Jeffrey Foss.
0:24 of 1st period - Deflect By Alexandre Grenier.
0:24 of 1st period - Stopped by Thatcher Demko without a rebound.
0:25 of 1st period - Kyle Rau wins face-off versus Andrej Nestrasil in Demolitions zone.
0:38 of 1st period - Wrist shot by Andrej Nestrasil.
0:38 of 1st period - Deflect By Anton Lindholm.
0:38 of 1st period - Stopped by Laurent Brossoit without a rebound.
0:39 of 1st period - Matthew Highmore wins face-off versus Christoph Bertschy in Wolfes zone.
0:39 of 1st period - Matthew Highmore is hit by Christoph Bertschy.
1:10 of 1st period - Michael Stone is hit by Taylor Beck and loses puck.
1:30 of 1st period - Snap shot by Kyle Rau.
1:30 of 1st period - Stopped by Thatcher Demko with a rebound.
1:32 of 1st period - Snap shot by Kyle Rau.
1:32 of 1st period - Goal by Kyle Rau - Demolitions : 0 - Wolfes : 1.
1:33 of 1st period - Phil McRae wins face-off versus Martin Hanzal in neutral zone.
1:44 of 1st period - Snap shot by J.T. Brown.
1:44 of 1st period - Stopped by Laurent Brossoit without a rebound.
1:45 of 1st period - Phil McRae wins face-off versus Martin Hanzal in Wolfes zone.
1:46 of 1st period - Slapshot by J.T. Brown.
1:46 of 1st period - Stopped by Laurent Brossoit with a rebound.
2:00 of 1st period - Snap shot by Blake Pietila.
2:00 of 1st period - Stopped by Thatcher Demko with a rebound.
2:33 of 1st period - Snap shot by Phil McRae.
2:33 of 1st period - Shot Misses the Net.
2:35 of 1st period - Slapshot by Michael Prapavessis.
2:35 of 1st period - Deflect By Brandon Saad.
2:35 of 1st period - Shot Misses the Net.
2:35 of 1st period - Puck is out of play.
2:36 of 1st period - Kyle Rau wins face-off versus Andrej Nestrasil in Wolfes zone.
2:50 of 1st period - Anton Lindholm is hit by Andrej Nestrasil and loses puck.
3:35 of 1st period - Juuso Riikola is hit by Martin Hanzal and loses puck.
3:54 of 1st period - Snap shot by Alexandre Grenier.
3:54 of 1st period - Shot Misses the Net.
4:20 of 1st period - Wrist shot by Andrej Nestrasil.
4:20 of 1st period - Shot Misses the Net.
4:29 of 1st period - Icing by Joel Vermin.
4:30 of 1st period - Andrej Nestrasil wins face-off versus Martin Hanzal in Demolitions zone.
4:45 of 1st period - Taylor Aronson is hit by Martin Hanzal and loses puck.
4:58 of 1st period - Wrist shot by Alexandre Grenier.
4:58 of 1st period - Deflect By Lawson Crouse.
4:58 of 1st period - Stopped by Thatcher Demko without a rebound.
4:59 of 1st period - Sebastian Aho wins face-off versus Daultan Leveillé in Demolitions zone.
5:04 of 1st period - Snap shot by Sebastian Aho.
5:04 of 1st period - Deflect By Lawson Crouse.
5:04 of 1st period - Stopped by Thatcher Demko with a rebound.
5:26 of 1st period - Damon Severson is hit by J.T. Brown and loses puck.
6:13 of 1st period - Off-side.
6:14 of 1st period - Eric Robinson wins face-off versus Daultan Leveillé in neutral zone.
6:23 of 1st period - Snap shot by Benn Ferriero.
6:23 of 1st period - Shot Blocked by Aaron Haydon.
6:29 of 1st period - Michael Stone is hit by Dennis Everberg and loses puck.
6:42 of 1st period - Slapshot by Michael Stone.
6:42 of 1st period - Shot Blocked by Daultan Leveillé.
6:44 of 1st period - Snap shot by Benn Ferriero.
6:44 of 1st period - Shot Hit the Post.
7:08 of 1st period - Benn Ferriero is hit by Dennis Everberg and loses puck.
7:25 of 1st period - Backhand shot by Benn Ferriero.
7:25 of 1st period - Stopped by Thatcher Demko without a rebound.
7:26 of 1st period - Martin Hanzal wins face-off versus Phil McRae in Demolitions zone.
7:27 of 1st period - Slapshot by Blake Pietila.
7:27 of 1st period - Shot Misses the Net.
7:29 of 1st period - Slapshot by Jamie Oleksiak.
7:29 of 1st period - Deflect By Martin Hanzal.
7:29 of 1st period - Stopped by Thatcher Demko without a rebound.
7:30 of 1st period - Martin Hanzal wins face-off versus Phil McRae in Demolitions zone.
7:42 of 1st period - Slapshot by Jamie Oleksiak.
7:42 of 1st period - Stopped by Thatcher Demko with a rebound.
7:44 of 1st period - Slapshot by Jamie Oleksiak.
7:44 of 1st period - Stopped by Thatcher Demko without a rebound.
7:45 of 1st period - Sebastian Aho wins face-off versus Phil McRae in Demolitions zone.
7:46 of 1st period - Snap shot by Alexandre Grenier.
7:46 of 1st period - Stopped by Thatcher Demko without a rebound.
7:47 of 1st period - Phil McRae wins face-off versus Sebastian Aho in Demolitions zone.
8:00 of 1st period - Snap shot by Alexandre Grenier.
8:00 of 1st period - Stopped by Thatcher Demko without a rebound.
8:01 of 1st period - Anton Karlsson wins face-off versus Daultan Leveillé in Demolitions zone.
8:28 of 1st period - Phil McRae is hit by Blake Pietila and loses puck.
8:35 of 1st period - Snap shot by Martin Hanzal.
8:35 of 1st period - Stopped by Thatcher Demko with a rebound.
8:37 of 1st period - Wrist shot by Thomas Spelling.
8:37 of 1st period - Stopped by Thatcher Demko without a rebound.
8:38 of 1st period - Sebastian Aho wins face-off versus Daultan Leveillé in Demolitions zone.
9:02 of 1st period - Icing by Alexandre Grenier.
9:03 of 1st period - Alexandre Grenier wins face-off versus Phil McRae in Wolfes zone.
9:12 of 1st period - Blake Pietila is hit by Brandon Saad.
9:20 of 1st period - Martin Hanzal is hit by Phil McRae and loses puck.
10:59 of 1st period - Wrist shot by Kyle Rau.
10:59 of 1st period - Stopped by Thatcher Demko with a rebound.
11:41 of 1st period - Juuso Riikola is hit by Thomas Spelling and loses puck.
11:52 of 1st period - Brandon Saad is hit by Matthew Highmore and loses puck.
12:46 of 1st period - Joel Vermin is hit by Lawson Crouse and loses puck.
13:03 of 1st period - Blake Pietila is hit by Jared Staal and loses puck.
13:10 of 1st period - Michael Prapavessis is hit by Blake Pietila.
13:31 of 1st period - Snap shot by J.T. Brown.
13:31 of 1st period - Stopped by Laurent Brossoit without a rebound.
13:32 of 1st period - Joel Vermin wins face-off versus Alexandre Grenier in Wolfes zone.
13:41 of 1st period - Backhand shot by Damon Severson.
13:41 of 1st period - Deflect By Sebastian Aho.
13:41 of 1st period - Stopped by Thatcher Demko with a rebound.
13:45 of 1st period - Slapshot by Sebastian Aho.
13:45 of 1st period - Shot Misses the Net.
13:47 of 1st period - Slapshot by Jamie Oleksiak.
13:47 of 1st period - Stopped by Thatcher Demko with a rebound.
14:33 of 1st period - Minor Penalty to Jeffrey Foss for Hooking.
14:34 of 1st period - Daultan Leveillé wins face-off versus Sebastian Aho in Wolfes zone.
14:38 of 1st period - Slapshot by Dennis Everberg.
14:38 of 1st period - Goal by Dennis Everberg - Demolitions : 1 - Wolfes : 1.
14:39 of 1st period - Daultan Leveillé wins face-off versus Sebastian Aho in neutral zone.
15:19 of 1st period - Anton Lindholm is hit by Andrej Nestrasil and loses puck.
15:32 of 1st period - Lawson Crouse is hit by Tommy Vannelli and loses puck.
15:55 of 1st period - Snap shot by Martin Hanzal.
15:55 of 1st period - Shot Misses the Net.
16:05 of 1st period - Jamie Oleksiak is hit by Taylor Aronson and loses puck.
16:18 of 1st period - Snap shot by Martin Hanzal.
16:18 of 1st period - Goal by Martin Hanzal - Demolitions : 1 - Wolfes : 2.
16:19 of 1st period - Martin Hanzal wins face-off versus Daultan Leveillé in neutral zone.
16:46 of 1st period - Dennis Everberg is hit by Michael Stone and loses puck.
17:01 of 1st period - Snap shot by Taylor Beck.
17:01 of 1st period - Stopped by Laurent Brossoit without a rebound.
17:02 of 1st period - Phil McRae wins face-off versus Kyle Rau in Wolfes zone.
17:03 of 1st period - Wrist shot by Brandon Saad.
17:03 of 1st period - Stopped by Laurent Brossoit without a rebound.
17:04 of 1st period - Anton Karlsson wins face-off versus Phil McRae in Wolfes zone.
17:15 of 1st period - Wrist shot by Kyle Rau.
17:15 of 1st period - Goal by Kyle Rau - Demolitions : 1 - Wolfes : 3.
17:16 of 1st period - Martin Hanzal wins face-off versus Daultan Leveillé in neutral zone.
17:19 of 1st period - Wrist shot by Thomas Spelling.
17:19 of 1st period - Deflect By Blake Pietila.
17:19 of 1st period - Stopped by Thatcher Demko with a rebound.
17:23 of 1st period - Wrist shot by Blake Pietila.
17:23 of 1st period - Shot Misses the Net.
17:25 of 1st period - Snap shot by Martin Hanzal.
17:25 of 1st period - Shot Blocked by Juuso Riikola.
17:27 of 1st period - Wrist shot by Jeffrey Foss.
17:27 of 1st period - Stopped by Thatcher Demko with a rebound.
17:29 of 1st period - Slapshot by Michael Stone.
17:29 of 1st period - Shot Blocked by Taylor Beck.
17:53 of 1st period - Backhand shot by Sebastian Aho.
17:53 of 1st period - Stopped by Thatcher Demko with a rebound.
19:55 of 1st period - Minor Penalty to Matthew Highmore for Tripping.
19:56 of 1st period - Daultan Leveillé wins face-off versus Sebastian Aho in Wolfes zone.
19:56 of 1st period - Wrist shot by Dennis Everberg.
19:56 of 1st period - Shot Blocked by Anton Lindholm.
19:58 of 1st period - Wrist shot by Dennis Everberg.
19:58 of 1st period - Shot Misses the Net.
Goals for this period are 1 for Demolitions vs 3 for Wolfes.
Shots for this period are 9 for Demolitions vs 22 for Wolfes.
2nd period
0:01 of 2nd period - Sebastian Aho wins face-off versus Daultan Leveillé in neutral zone.
0:35 of 2nd period - Slapshot by Sebastian Aho.
0:35 of 2nd period - Shot Misses the Net.
0:50 of 2nd period - Icing by Taylor Beck.
0:51 of 2nd period - Daultan Leveillé wins face-off versus Martin Hanzal in Demolitions zone.
1:55 of 2nd period - Penalty to Matthew Highmore is over, Matthew Highmore is back on ice.
2:05 of 2nd period - Snap shot by Kyle Rau.
2:05 of 2nd period - Shot Blocked by Juuso Riikola.
2:27 of 2nd period - Wrist shot by Thomas Spelling.
2:27 of 2nd period - Stopped by Thatcher Demko with a rebound.
2:29 of 2nd period - Backhand shot by Jeffrey Foss.
2:29 of 2nd period - Stopped by Thatcher Demko with a rebound.
2:31 of 2nd period - Snap shot by Damon Severson.
2:31 of 2nd period - Deflect By Christoph Bertschy.
2:31 of 2nd period - Stopped by Thatcher Demko with a rebound.
2:33 of 2nd period - Snap shot by Blake Pietila.
2:33 of 2nd period - Stopped by Thatcher Demko without a rebound.
2:34 of 2nd period - Daultan Leveillé wins face-off versus Martin Hanzal in Demolitions zone.
2:49 of 2nd period - Snap shot by Martin Hanzal.
2:49 of 2nd period - Stopped by Thatcher Demko with a rebound.
2:59 of 2nd period - Dennis Everberg is hit by Anton Karlsson and loses puck.
3:41 of 2nd period - Taylor Aronson is hit by Sebastian Aho and loses puck.
4:01 of 2nd period - Taylor Aronson is hit by Anton Karlsson and loses puck.
4:13 of 2nd period - Jeffrey Foss is hit by Jared Staal and loses puck.
4:31 of 2nd period - Juuso Riikola is hit by Kyle Rau and loses puck.
4:48 of 2nd period - Snap shot by Kyle Rau.
4:48 of 2nd period - Stopped by Thatcher Demko with a rebound.
4:54 of 2nd period - Wrist shot by Kyle Rau.
4:54 of 2nd period - Shot Blocked by Taylor Aronson.
5:06 of 2nd period - Christoph Bertschy is hit by Jamie Oleksiak and loses puck.
5:22 of 2nd period - Kyle Rau is hit by Tommy Vannelli and loses puck.
5:56 of 2nd period - Snap shot by Kyle Rau.
5:56 of 2nd period - Shot Misses the Net.
6:02 of 2nd period - Wrist shot by Jared Staal.
6:02 of 2nd period - Stopped by Laurent Brossoit without a rebound.
6:03 of 2nd period - Sebastian Aho wins face-off versus Daultan Leveillé in Wolfes zone.
6:08 of 2nd period - Slapshot by Michael Stone.
6:08 of 2nd period - Shot Blocked by Daultan Leveillé.
6:28 of 2nd period - Thomas Spelling is hit by Phil McRae and loses puck.
6:41 of 2nd period - J.T. Brown is hit by Thomas Spelling and loses puck.
6:52 of 2nd period - Snap shot by Joshua Leivo.
6:52 of 2nd period - Shot Blocked by Matthew Highmore.
6:54 of 2nd period - Snap shot by Joshua Leivo.
6:54 of 2nd period - Deflect By Joel Vermin.
6:54 of 2nd period - Shot Blocked by Joe Morrow.
6:54 of 2nd period - Puck is out of play.
6:55 of 2nd period - Matthew Highmore wins face-off versus Andrej Nestrasil in Wolfes zone.
7:34 of 2nd period - Snap shot by Benn Ferriero.
7:34 of 2nd period - Shot Misses the Net.
8:02 of 2nd period - Joel Vermin is hit by Joe Morrow and loses puck.
8:07 of 2nd period - Slapshot by Joe Morrow.
8:07 of 2nd period - Deflect By Benn Ferriero.
8:07 of 2nd period - Stopped by Thatcher Demko with a rebound.
8:09 of 2nd period - Wrist shot by Eric Robinson.
8:09 of 2nd period - Deflect By Benn Ferriero.
8:09 of 2nd period - Shot Blocked by Joel Vermin.
8:09 of 2nd period - Puck is out of play.
8:10 of 2nd period - Sebastian Aho wins face-off versus Daultan Leveillé in Demolitions zone.
8:10 of 2nd period - Minor Penalty to Jeffrey Foss for Hooking.
8:11 of 2nd period - Sebastian Aho wins face-off versus Daultan Leveillé in Wolfes zone.
8:22 of 2nd period - Lawson Crouse is hit by Tommy Vannelli.
9:20 of 2nd period - Jamie Oleksiak is hit by Dennis Everberg and loses puck.
9:58 of 2nd period - Dennis Everberg is hit by Jamie Oleksiak and loses puck.
10:10 of 2nd period - Penalty to Jeffrey Foss is over, Jeffrey Foss is back on ice.
10:28 of 2nd period - Aaron Haydon is hit by Jeffrey Foss and loses puck.
10:39 of 2nd period - Martin Hanzal is hit by Taylor Aronson and loses puck.
10:44 of 2nd period - Snap shot by Michael Ferland.
10:44 of 2nd period - Deflect By Christoph Bertschy.
10:44 of 2nd period - Shot Blocked by Thomas Spelling.
10:44 of 2nd period - Puck is out of play.
10:45 of 2nd period - Andrej Nestrasil wins face-off versus Matthew Highmore in Wolfes zone.
10:46 of 2nd period - Slapshot by Joshua Leivo.
10:46 of 2nd period - Stopped by Laurent Brossoit with a rebound.
11:09 of 2nd period - Minor Penalty to Aaron Haydon for Unsportsmanlike conduct.
11:10 of 2nd period - Dennis Everberg wins face-off versus Sebastian Aho in Demolitions zone.
11:16 of 2nd period - Icing by Sebastian Aho.
11:17 of 2nd period - Sebastian Aho wins face-off versus Dennis Everberg in Wolfes zone.
13:09 of 2nd period - Penalty to Aaron Haydon is over, Aaron Haydon is back on ice.
13:14 of 2nd period - Juuso Riikola is hit by Jamie Oleksiak and loses puck.
14:53 of 2nd period - Damon Severson is hit by Joshua Leivo and loses puck.
17:04 of 2nd period - Taylor Aronson is hit by Eric Robinson and loses puck.
17:13 of 2nd period - Minor Penalty to Michael Ferland for High sticking.
17:14 of 2nd period - Dennis Everberg wins face-off versus Sebastian Aho in Demolitions zone.
18:53 of 2nd period - Michael Prapavessis is hit by Lawson Crouse and loses puck.
19:13 of 2nd period - Penalty to Michael Ferland is over, Michael Ferland is back on ice.
19:22 of 2nd period - Wrist shot by Dennis Everberg.
19:22 of 2nd period - Stopped by Laurent Brossoit with a rebound.
19:44 of 2nd period - Kyle Rau is hit by Brandon Saad and loses puck.
19:59 of 2nd period - Taylor Aronson is hit by Matthew Highmore and loses puck.
Goals for this period are 0 for Demolitions vs 0 for Wolfes.
Shots for this period are 3 for Demolitions vs 7 for Wolfes.
3rd period
0:01 of 3rd period - Daultan Leveillé wins face-off versus Sebastian Aho in neutral zone.
0:06 of 3rd period - Backhand shot by Dennis Everberg.
0:06 of 3rd period - Shot Misses the Net.
0:08 of 3rd period - Backhand shot by Taylor Beck.
0:08 of 3rd period - Stopped by Laurent Brossoit with a rebound.
0:10 of 3rd period - Snap shot by Taylor Beck.
0:10 of 3rd period - Shot Misses the Net.
0:16 of 3rd period - Snap shot by Taylor Beck.
0:16 of 3rd period - Shot Misses the Net.
0:55 of 3rd period - Snap shot by Kyle Rau.
0:55 of 3rd period - Shot Misses the Net.
0:57 of 3rd period - Snap shot by Max Friberg.
0:57 of 3rd period - Stopped by Thatcher Demko without a rebound.
0:58 of 3rd period - Sebastian Aho wins face-off versus Daultan Leveillé in Demolitions zone.
1:11 of 3rd period - Dennis Everberg is hit by Sebastian Aho and loses puck.
1:19 of 3rd period - Minor Penalty to Michael Stone for Interference.
1:20 of 3rd period - Daultan Leveillé wins face-off versus Sebastian Aho in Wolfes zone.
2:32 of 3rd period - Taylor Aronson is hit by Martin Hanzal and loses puck.
3:19 of 3rd period - Penalty to Michael Stone is over, Michael Stone is back on ice.
3:34 of 3rd period - Minor Penalty to Mitch Callahan for Roughing.
3:35 of 3rd period - Dennis Everberg wins face-off versus Martin Hanzal in Demolitions zone.
5:34 of 3rd period - Penalty to Mitch Callahan is over, Mitch Callahan is back on ice.
5:38 of 3rd period - Taylor Aronson is hit by Michael Stone and loses puck.
5:45 of 3rd period - Eric Robinson is hit by Brandon Saad and loses puck.
6:00 of 3rd period - Michael Stone is hit by Aaron Haydon and loses puck.
6:07 of 3rd period - Snap shot by Joe Morrow.
6:07 of 3rd period - Stopped by Thatcher Demko without a rebound.
6:08 of 3rd period - Kyle Rau wins face-off versus Andrej Nestrasil in Demolitions zone.
6:32 of 3rd period - Martin Hanzal is hit by Michael Ferland and loses puck.
6:59 of 3rd period - J.T. Brown is hit by Damon Severson and loses puck.
7:43 of 3rd period - Anton Karlsson is hit by Joel Vermin and loses puck.
8:00 of 3rd period - Wrist shot by Jared Staal.
8:00 of 3rd period - Deflect By Christoph Bertschy.
8:00 of 3rd period - Stopped by Laurent Brossoit without a rebound.
8:01 of 3rd period - Sebastian Aho wins face-off versus Christoph Bertschy in Wolfes zone.
8:01 of 3rd period - Sebastian Aho is hit by Michael Ferland.
8:14 of 3rd period - Minor Penalty to Anton Lindholm for Interference.
8:15 of 3rd period - Daultan Leveillé wins face-off versus Sebastian Aho in Wolfes zone.
8:16 of 3rd period - Wrist shot by Dennis Everberg.
8:16 of 3rd period - Stopped by Laurent Brossoit without a rebound.
8:17 of 3rd period - Daultan Leveillé wins face-off versus Sebastian Aho in Wolfes zone.
8:28 of 3rd period - Snap shot by Taylor Beck.
8:28 of 3rd period - Shot Misses the Net.
9:34 of 3rd period - Daultan Leveillé is hit by Michael Stone and loses puck.
10:14 of 3rd period - Penalty to Anton Lindholm is over, Anton Lindholm is back on ice.
10:17 of 3rd period - Blake Pietila is hit by Joshua Leivo and loses puck.
10:26 of 3rd period - Snap shot by Joshua Leivo.
10:26 of 3rd period - Deflect By Jamie Oleksiak.
10:26 of 3rd period - Stopped by Laurent Brossoit with a rebound.
10:28 of 3rd period - Snap shot by Joel Vermin.
10:28 of 3rd period - Stopped by Laurent Brossoit with a rebound.
10:30 of 3rd period - Snap shot by Andrej Nestrasil.
10:30 of 3rd period - Shot Misses the Net.
10:40 of 3rd period - Snap shot by Michael Ferland.
10:40 of 3rd period - Shot Blocked by Jeffrey Foss.
10:42 of 3rd period - Slapshot by Aaron Haydon.
10:42 of 3rd period - Shot Misses the Net.
10:44 of 3rd period - Slapshot by Aaron Haydon.
10:44 of 3rd period - Shot Blocked by Jamie Oleksiak.
11:29 of 3rd period - Taylor Aronson is hit by Max Friberg.
11:41 of 3rd period - Joshua Leivo is hit by Joe Morrow and loses puck.
12:05 of 3rd period - Christoph Bertschy is hit by Max Friberg and loses puck.
12:45 of 3rd period - Matthew Highmore is hit by Joel Vermin and loses puck.
12:52 of 3rd period - Wrist shot by Andrej Nestrasil.
12:52 of 3rd period - Shot Misses the Net.
13:06 of 3rd period - Joe Morrow is hit by J.T. Brown and loses puck.
13:23 of 3rd period - Joshua Leivo is hit by Thomas Spelling and loses puck.
14:19 of 3rd period - Joel Vermin is hit by Lawson Crouse.
14:58 of 3rd period - Anton Lindholm is hit by Juuso Riikola and loses puck.
15:11 of 3rd period - Michael Stone is hit by Tommy Vannelli and loses puck.
15:28 of 3rd period - Michael Stone is hit by Brandon Saad.
16:23 of 3rd period - Icing by Michael Prapavessis.
16:24 of 3rd period - Kyle Rau wins face-off versus Mitch Callahan in Demolitions zone.
16:29 of 3rd period - Slapshot by Kyle Rau.
16:29 of 3rd period - Shot Misses the Net.
16:31 of 3rd period - Slapshot by Jamie Oleksiak.
16:31 of 3rd period - Shot Misses the Net.
16:53 of 3rd period - Wrist shot by Andrej Nestrasil.
16:53 of 3rd period - Deflect By Martin Hanzal.
16:53 of 3rd period - Stopped by Laurent Brossoit without a rebound.
16:54 of 3rd period - Andrej Nestrasil wins face-off versus Thomas Spelling in Wolfes zone.
17:05 of 3rd period - Slapshot by Martin Hanzal.
17:05 of 3rd period - Stopped by Thatcher Demko without a rebound.
17:06 of 3rd period - Phil McRae wins face-off versus Kyle Rau in Demolitions zone.
17:15 of 3rd period - Snap shot by Max Friberg.
17:15 of 3rd period - Goal by Max Friberg - Demolitions : 1 - Wolfes : 4.
17:16 of 3rd period - Daultan Leveillé wins face-off versus Sebastian Aho in neutral zone.
17:24 of 3rd period - Snap shot by Taylor Beck.
17:24 of 3rd period - Stopped by Laurent Brossoit without a rebound.
17:25 of 3rd period - Sebastian Aho wins face-off versus Daultan Leveillé in Wolfes zone.
18:06 of 3rd period - Wrist shot by Daultan Leveillé.
18:06 of 3rd period - Shot Misses the Net.
18:08 of 3rd period - Wrist shot by Taylor Beck.
18:08 of 3rd period - Shot Misses the Net.
18:10 of 3rd period - Slapshot by Juuso Riikola.
18:10 of 3rd period - Shot Blocked by Sebastian Aho.
18:12 of 3rd period - Wrist shot by Daultan Leveillé.
18:12 of 3rd period - Shot Misses the Net.
18:24 of 3rd period - Snap shot by Taylor Beck.
18:24 of 3rd period - Stopped by Laurent Brossoit with a rebound.
18:28 of 3rd period - Slapshot by Daultan Leveillé.
18:28 of 3rd period - Shot Misses the Net.
18:30 of 3rd period - Snap shot by Daultan Leveillé.
18:30 of 3rd period - Shot Blocked by Damon Severson.
18:32 of 3rd period - Backhand shot by Taylor Aronson.
18:32 of 3rd period - Shot Misses the Net.
18:34 of 3rd period - Snap shot by Juuso Riikola.
18:34 of 3rd period - Stopped by Laurent Brossoit with a rebound.
18:40 of 3rd period - Wrist shot by Daultan Leveillé.
18:40 of 3rd period - Stopped by Laurent Brossoit without a rebound.
18:41 of 3rd period - Phil McRae wins face-off versus Martin Hanzal in Wolfes zone.
19:10 of 3rd period - Slapshot by Joe Morrow.
19:10 of 3rd period - Stopped by Thatcher Demko without a rebound.
19:11 of 3rd period - Andrej Nestrasil wins face-off versus Matthew Highmore in Demolitions zone.
19:11 of 3rd period - Andrej Nestrasil is hit by Anton Lindholm.
Goals for this period are 0 for Demolitions vs 1 for Wolfes.
Shots for this period are 10 for Demolitions vs 5 for Wolfes.